 Dungeon Crawl Stone Soup version 0.22-a0-803-gd6d8abe (webtiles) character file.

3173 Gildeon the Spear-Bearer (level 9, -4/68 HPs)
             Began as a Mummy Fighter on July 22, 2018.
             Was an Initiate of Sif Muna.
             Slain by an orc warrior
             ... wielding a +0 dire flail of venom
              (13 damage)
             ... on level 5 of the Dungeon.
             The game lasted 00:24:49 (8565 turns).

Gildeon the Spear-Bearer (Mummy Fighter)            Turns: 8565, Time: 00:24:50

Health: -4/68      AC: 13    Str: 20    XL:     9   Next: 63%
Magic:  9/9        EV: 12    Int: 10    God:    Sif Muna [......]
Gold:   200        SH:  5    Dex: 11    Spells: 8/8 levels left

rFire    x . .     SeeInvis .   a - +0 trident
rCold    + + .     Gourm    .   d - +0 buckler
rNeg     + + +     Faith    .   h - +3 ring mail {rN+}
rPois    ∞         Spirit   .   (no helmet)
rElec    .         Reflect  .   k - +1 cloak
rCorr    .         Harm     .   i - +0 pair of gloves
MR       +....                  l - +0 pair of boots
Stlth    ++........             (no amulet)
HPRegen  0.21/turn              f - ring of protection from cold
MPRegen  0.11/turn              j - ring of stealth

@: no status effects
A: no food or potions, fire vulnerability, cold resistance 1, negative energy
resistance 3, torment resistance, unbreathing
a: Renounce Religion


You were on level 5 of the Dungeon.
You worshipped Sif Muna.
Sif Muna was noncommittal.
You were not hungry.

You visited 1 branch of the dungeon, and saw 6 of its levels.

You collected 200 gold pieces.

Inventory:

Hand Weapons
 a - a +0 trident (weapon)
Armour
 b - a +1 scale mail
 c - a +0 shield
 d - a +0 buckler (worn)
 h - a +3 ring mail of positive energy (worn)
 i - a +0 pair of gloves (worn)
 k - a +1 cloak (worn)
 l - a +0 pair of boots (worn)
Jewellery
 f - a ring of protection from cold (left hand)
 j - a ring of stealth (right hand)
Wands
 n - a wand of flame (15)
Scrolls
 e - a scroll of identify
 g - a scroll of remove curse
 m - 3 scrolls of teleportation
 o - a scroll of acquirement {unknown}
 p - a scroll of noise {unknown}


   Skills:
 - Level 5.0 Fighting
 * Level 8.3 Polearms
 - Level 5.0 Armour
 + Level 3.4 Dodging
 - Level 5.0 Shields


You had 8 spell levels left.
You didn't know any spells.
Your spell library was empty.

Dungeon Overview and Level Annotations

Branches:
Dungeon (6/15)
 Temple: D:4-7

Altars:
Sif Muna


Innate Abilities, Weirdness & Mutations

You do not eat or drink.
Your flesh is vulnerable to fire.
You are immune to poison.
Your flesh is cold resistant. (rC+)
You are immune to negative energy. (rN+++)
You are immune to unholy pain and torment.
You can survive without breathing.


Message History

The orc is heavily wounded.
The orc hits you.
You closely miss the orc.
The orc is heavily wounded.
The orc warrior hits you with a dire flail of venom!
You block the orc's attack.
You hit the orc.
You kill the orc!
Sif Muna accepts your kill. You block the orc warrior's attack.
The orc warrior hits you with a dire flail of venom!
* * * LOW HITPOINT WARNING * * *
Things that are here:
a scroll labeled ROUJOEKIETY; an orc corpse
p - a scroll labeled ROUJOEKIETY The orc warrior hits you with a dire flail of venom.
* * * LOW HITPOINT WARNING * * *
You closely miss the orc warrior.
The orc warrior hits you with a dire flail of venom!
You die...

.##.# #.# #.# #####
.##.############# #.# #.#####....
.##........%....# #.# #....).....
..###.....###.#.# #.# #.#####.##.
.#.##.###%###.#.###.# #.# #.##.
......# #...!.....#.# #.# #.##.
)#[##.###.###.#...<=# #.#####.##.
[>###...........o#..###.##.##.##.
.## ###.##.##..>@.........#...##.
.# #.##Y##..........<.......#. .#
#.##.##.!..##.###.#........ .#
#.##5##.#####.# #.#........ .#
##.##.##.## #.# #.#........ ##
#...§.#...####.# #.##..(..#. #
#.......#...##.# #......)... #
#.#####...#.##.# ####.###### #
#.# ####Y##.##.######.#


You could see an orc warrior.

Vanquished Creatures
  Prince Ribbit (D:4)
  6 yaks
  Menkaure (D:5)
  3 sky beasts
  5 centaurs
  4 ogres
  2 bullfrogs (D:6)
  A scorpion (D:5)
  2 crimson imps (D:5)
  2 orc priests
  A quasit (D:5)
  2 centaur skeletons
  Crazy Yiuf (D:3)
  Jessica (D:3)
  3 orc wizards
  4 worker ants
  Terence (D:3)
  A hound skeleton (D:5)
  A howler monkey zombie (D:5)
  3 howler monkey skeletons
  4 gnolls (D:6)
  10 adders
  A shadow imp (D:6)
  4 oozes
  2 adder zombies (D:5)
  4 worms
  4 dart slugs
  2 leopard geckos (D:1)
  16 orcs
  7 bats
  7 giant cockroaches
  14 goblins
  7 hobgoblins
  8 jackals
  2 quokkas
  5 ball pythons
  4 frilled lizards
  A jackal zombie (D:6)
  7 kobolds
  A leopard gecko zombie (D:3)
  2 quokka zombies
  6 rats
163 creatures vanquished.

Notes
Turn   | Place    | Note
-------+----------+-------------------------------------------
     0 | D:1      | Gildeon the Mummy Fighter began the quest for the Orb.
     0 | D:1      | Reached XP level 1. HP: 18/18 MP: 1/1
   130 | D:1      | Reached skill level 2 in Polearms
   130 | D:1      | Reached XP level 2. HP: 24/24 MP: 2/2
   637 | D:1      | Reached XP level 3. HP: 28/29 MP: 3/3
  1407 | D:2      | Found a deep blue altar of Sif Muna.
  1457 | D:2      | Became a worshipper of Sif Muna the Loreminder
  1782 | D:2      | Reached XP level 4. HP: 34/35 MP: 4/4
  1991 | D:2      | Reached skill level 3 in Polearms
  2692 | D:3      | Reached XP level 5. HP: 36/42 MP: 5/5
  3372 | D:3      | Noticed Jessica
  3387 | D:3      | Killed Jessica
  3416 | D:3      | Found a runed door.
  3420 | D:3      | Noticed Crazy Yiuf
  3433 | D:3      | Killed Crazy Yiuf
  3433 | D:3      | Reached XP level 6. HP: 20/48 MP: 3/6
  3672 | D:3      | Noticed Terence
  3687 | D:3      | Killed Terence
  3788 | D:4      | Reached skill level 4 in Polearms
  4153 | D:4      | Noticed a sky beast
  4178 | D:4      | Killed a sky beast
  4178 | D:4      | Reached XP level 7. HP: 33/55 MP: 7/7
  4337 | D:4      | Reached skill level 5 in Polearms
  4665 | D:4      | Reached skill level 5 in Fighting
  4939 | D:5      | Entered Level 5 of the Dungeon
  4967 | D:5      | Noticed Prince Ribbit
  4994 | D:5      | Noticed Menkaure
  5015 | D:5      | Killed Menkaure
  5146 | D:5      | Reached XP level 8. HP: 53/62 MP: 8/8
  5269 | D:5      | Reached skill level 6 in Polearms
  5504 | D:5      | Reached skill level 5 in Shields
  5788 | D:5      | Reached skill level 1 in Dodging
  6059 | D:5      | Reached skill level 7 in Polearms
  6068 | D:5      | Reached XP level 9. HP: 5/68 MP: 9/9
  7134 | D:4      | Killed Prince Ribbit
  7904 | D:6      | Reached skill level 8 in Polearms
  8221 | D:6      | Reached skill level 5 in Armour
  8565 | D:5      | Slain by an orc warrior

Vault maps used:
D:1:      scummos_arrival_hexagon
D:2:      lemuel_blue_sif_altar, kennysheep_boxes
D:3:      kennysheep_decorative_pillar, uniq_terence, uniq_crazy_yiuf_cottage,
          uniq_jessica
D:4:      gup_sewer_entry_bowl, minmay_misc_feat_roman
D:5:      first_ration, uniq_menkaure, uniq_prince_ribbit1
D:6:      minivault_11

Skill      XL: |  1  2  3  4  5  6  7  8  9 |
---------------+----------------------------+-----
Polearms       | 2 3 4 5 7 8 |  8.3
Shields        | 3 4 5 |  5.0
Fighting       | 4 5 |  5.0
Armour         | 4 5 |  5.0
Dodging        | 2 3 |  3.4

Action                   |  1- 3 |  4- 6 |  7- 9 || total
-------------------------+-------+-------+-------++-------
Melee: Trident           |   152 |   281 |   488 ||   921
  Use: Scroll            |     2 |     3 |     6 ||    11
 Stab: Sleeping          |       |     1 |     4 ||     5
Armor: Scale mail        |    64 |    25 |       ||    89
       Ring mail         |       |    87 |   192 ||   279
Dodge: Dodged            |    44 |    85 |   230 ||   359
Block: Shield            |    81 |    34 |       ||   115
       Buckler           |       |    26 |   104 ||   130

Table legend:
 A = Spawn XP
 B = Non-spawn XP
 C = Spawn XP percentage of total XP
 D = Spawn monster count
 E = Non-spawn monster count
 F = Spawn count percentage of total count
 G = Total turns spent on level
                    A         B        C        D         E        F      G
               +---------+---------+-------+---------+---------+-------+---------
         Total |       0 |    4534 |   0.0 |       0 |     163 |   0.0 |  8565
               +---------+---------+-------+---------+---------+-------+---------
           D:1 |       0 |      69 |   0.0 |       0 |      33 |   0.0 |  1325
           D:2 |       0 |      89 |   0.0 |       0 |      26 |   0.0 |  1253
           D:3 |       0 |     264 |   0.0 |       0 |      30 |   0.0 |  1154
           D:4 |       0 |    1233 |   0.0 |       0 |      23 |   0.0 |  2598
           D:5 |       0 |    2237 |   0.0 |       0 |      34 |   0.0 |  1565
           D:6 |       0 |     642 |   0.0 |       0 |      17 |   0.0 |   670
               +---------+---------+-------+---------+---------+-------+---------
